MAA
VILLA RIDGE BRONCHOS @ ST. ALBERT PRODIGY
06/24/2018
 
TOP OF THE 1ST
Villa Ridge Bronchos batting - Pitching for St. Albert Prodigy : LHP Jim Unknown
Pitching: LHP Jim Unknown
Batting: RHB Bobby Poole 0-0: Ball
1-0: Foul Ball, location: 2F
1-1: Ball
2-1: Foul Ball, location: 2F
2-2: Ground out 6-3 (Groundball, 6)
Batting: SHB Ken Osborne 0-0: SINGLE (Line Drive, 4M)
Batting: LHB Ray Schneider 0-0: Ball
1-0: Called Strike
1-1: Ball
2-1: Foul Ball, location: 2F
2-2: Strikes out swinging
Batting: LHB Lonnie Austin 0-0: Ball
1-0: Called Strike
Ken Osborne steals 2nd base
1-1: Called Strike
1-2: Ball
2-2: Strikes out swinging
Top of the 1st over - 0 run(s), 1 hit(s), 0 error(s), 1 left on base; Villa Ridge 0 - St. Albert 0
BOTTOM OF THE 1ST
St. Albert Prodigy batting - Pitching for Villa Ridge Bronchos : RHP Jim Unknown
Pitching: RHP Jim Unknown
Batting: RHB Anthony Trujillo 0-0: Called Strike
0-1: Ball
1-1: Ball
2-1: Foul Ball, location: 2F
2-2: Foul Ball, location: 2F
2-2: Ball
3-2: Foul Ball, location: 2F
3-2: Foul Ball, location: 2F
3-2: Foul Ball, location: 2F
3-2: Ground out 5-3 (Groundball, 56)
Batting: LHB Wallace James 0-0: Hit by Pitch
Batting: RHB Carlos Mercado 0-0: Ball
1-0: Ball
2-0: SINGLE (Groundball, 56D) (infield hit)
Wallace James to second
Batting: RHB Bernardo Burgos 0-0: Called Strike
0-1: Called Strike
0-2: Ball
1-2: Ground out U3 (Groundball, 3S)
Wallace James to third
Carlos Mercado to second
Batting: SHB Monte Adams 0-0: Ball
1-0: Ball
2-0: Ground out 6-3 (Groundball, 6)
Bottom of the 1st over - 0 run(s), 1 hit(s), 0 error(s), 2 left on base; Villa Ridge 0 - St. Albert 0
TOP OF THE 2ND
Villa Ridge Bronchos batting - Pitching for St. Albert Prodigy : LHP Jim Unknown
Batting: RHB Lindsay Stewart 0-0: Called Strike
0-1: Ball
1-1: Ball
2-1: Ball
3-1: Base on Balls
Batting: SHB Felipe González 0-0: Ball
1-0: Called Strike
1-1: Ball
2-1: Ball
3-1: SINGLE (Flyball, 7LS)
Lindsay Stewart to second
Batting: RHB Adrian Draper 0-0: Ball
1-0: SINGLE (Groundball, 56)
Lindsay Stewart to third
Felipe González to second
Runner from 3rd tries for Home, SAFE, no throw or cutoff
Batting: RHB Salvador Martínez 0-0: Ball
1-0: Ball
2-0: Ball
3-0: Base on Balls
Felipe González to third
Adrian Draper to second
Batting: SHB Shawn Sánchez 0-0: Ball
1-0: Called Strike
1-1: Ground out 5-3 (Groundball, 5S)
Felipe González scores
Adrian Draper to third
Salvador Martínez to second
Batting: RHB Bobby Poole 0-0: Foul Ball, location: 2F
0-1: Ball
1-1: Ball
2-1: Foul Ball, location: 2F
2-2: Foul Ball, location: 2F
2-2: Foul Ball, location: 2F
2-2: SINGLE (Line Drive, 6M)
Adrian Draper scores
Salvador Martínez to third
Batting: RHB Miguel Angel González 0-0: Called Strike
0-1: Ball
1-1: Ball
2-1: Swinging Strike
2-2: Ground out U3 (Groundball, 3S)
Salvador Martínez scores
Bobby Poole to second
Batting: LHB Ray Schneider 0-0: Called Strike
0-1: Ball
1-1: Swinging Strike
1-2: Strikes out looking
Top of the 2nd over - 4 run(s), 3 hit(s), 0 error(s), 1 left on base; Villa Ridge 4 - St. Albert 0
BOTTOM OF THE 2ND
St. Albert Prodigy batting - Pitching for Villa Ridge Bronchos : RHP Jim Unknown
Now at SS: Miguel Angel González
Batting: RHB Larry Mason 0-0: Foul Ball, location: 2F
0-1: Swinging Strike
0-2: Strikes out swinging
Batting: RHB Mario Zuziela 0-0: Ball
1-0: Ball
2-0: Called Strike
2-1: Ball
3-1: Foul Ball, location: 2F
3-2: Ground out 1-3 (Groundball, 15)
Batting: LHB Abel Kelly 0-0: SINGLE (Groundball, 4MD)
Batting: RHB Harrison Blackford 0-0: Ball
1-0: Ball
2-0: Ball
3-0: Called Strike
3-1: Foul Ball, location: 2F
3-2: Base on Balls
Abel Kelly to second
Batting: RHB Anthony Trujillo 0-0: Called Strike
0-1: Foul Ball, location: 2F
0-2: Strikes out swinging
Bottom of the 2nd over - 0 run(s), 1 hit(s), 0 error(s), 2 left on base; Villa Ridge 4 - St. Albert 0
TOP OF THE 3RD
Villa Ridge Bronchos batting - Pitching for St. Albert Prodigy : LHP Jim Unknown
Batting: LHB Lonnie Austin 0-0: Foul Ball, location: 2F
0-1: Foul Ball, location: 2F
0-2: Foul Ball, location: 2F
0-2: Ball
1-2: SINGLE (Flyball, 7S)
Batting: RHB Lindsay Stewart 0-0: Ball
1-0: Foul Ball, location: 2F
1-1: Swinging Strike
1-2: Ball
2-2: Ball
3-2: Foul Ball, location: 2F
3-2: Foul Ball, location: 2F
3-2: Base on Balls
Lonnie Austin to second
Batting: SHB Felipe González 0-0: Foul Ball, location: 2F
0-1: Called Strike
0-2: Foul Ball, location: 2F
0-2: Grounds into double play, 1-6-3 (Groundball, 15)
Lonnie Austin to third
Batting: RHB Adrian Draper 0-0: Fly out, F3 (Line Drive, 3S)
Top of the 3rd over - 0 run(s), 1 hit(s), 0 error(s), 1 left on base; Villa Ridge 4 - St. Albert 0
BOTTOM OF THE 3RD
St. Albert Prodigy batting - Pitching for Villa Ridge Bronchos : RHP Jim Unknown
Batting: LHB Wallace James 0-0: Foul Ball, location: 2F
0-1: Ball
1-1: Ground out 4-3 (Groundball, 4M)
Batting: RHB Carlos Mercado 0-0: Ground out 5-3 (Groundball, 5)
Batting: RHB Bernardo Burgos 0-0: Ball
1-0: Called Strike
1-1: Fly out, F8 (Line Drive, 8LS)
Bottom of the 3rd over - 0 run(s), 0 hit(s), 0 error(s), 0 left on base; Villa Ridge 4 - St. Albert 0
TOP OF THE 4TH
Villa Ridge Bronchos batting - Pitching for St. Albert Prodigy : LHP Jim Unknown
Batting: RHB Salvador Martínez 0-0: Ball
1-0: Ball
2-0: Swinging Strike
2-1: Ground out 5-3 (Groundball, 5S)
Batting: SHB Shawn Sánchez 0-0: Ball
1-0: Swinging Strike
1-1: Called Strike
1-2: Foul Ball, location: 2F
1-2: Ground out 5-3 (Groundball, 56)
Batting: RHB Bobby Poole 0-0: Called Strike
0-1: Swinging Strike
0-2: Ball
1-2: Ball
2-2: SINGLE (Flyball, 8LS)
Batting: RHB Miguel Angel González 0-0: Ball
1-0: SINGLE (Flyball, 7S)
Bobby Poole to second
Batting: LHB Ray Schneider 0-0: Ball
1-0: Foul Ball, location: 2F
1-1: Foul Ball, location: 2F
1-2: Foul Ball, location: 2F
1-2: Ball
2-2: SINGLE (Groundball, 15) (infield hit)
Bobby Poole to third
Miguel Angel González to second
Batting: LHB Lonnie Austin 0-0: Ball
1-0: Called Strike
1-1: Called Strike
1-2: Ball
2-2: Strikes out looking
Top of the 4th over - 0 run(s), 3 hit(s), 0 error(s), 3 left on base; Villa Ridge 4 - St. Albert 0
BOTTOM OF THE 4TH
St. Albert Prodigy batting - Pitching for Villa Ridge Bronchos : RHP Jim Unknown
Batting: SHB Monte Adams 0-0: Called Strike
0-1: Foul Ball, location: 2F
0-2: Foul Ball, location: 2F
0-2: Ball
1-2: Fly out, F6 (Popup, 6M)
Batting: RHB Larry Mason 0-0: Swinging Strike
0-1: Fly out, F9 (Flyball, 9S)
Batting: RHB Mario Zuziela 0-0: Called Strike
0-1: Ball
1-1: Fly out, F8 (Flyball, 8LM)
Bottom of the 4th over - 0 run(s), 0 hit(s), 0 error(s), 0 left on base; Villa Ridge 4 - St. Albert 0
TOP OF THE 5TH
Villa Ridge Bronchos batting - Pitching for St. Albert Prodigy : LHP Jim Unknown
Batting: RHB Lindsay Stewart 0-0: Called Strike
0-1: Ball
1-1: Foul Ball, location: 2F
1-2: Foul Ball, location: 2F
1-2: Ball
2-2: Foul Ball, location: 2F
2-2: Foul Ball, location: 2F
2-2: Ball
3-2: Ground out 1-3 (Groundball, 15S)
Batting: SHB Felipe González 0-0: Ball
1-0: Swinging Strike
1-1: Ball
2-1: SINGLE (Line Drive, 9S)
Pitching: LHP Félix Aguilar
Batting: RHB Adrian Draper 0-0: Called Strike
0-1: SINGLE (Groundball, 56D)
Felipe González to second
Batting: RHB Salvador Martínez 0-0: Ball
1-0: Ball
2-0: Called Strike
2-1: Fly out, F7 (Popup, 6D)
Batting: SHB Shawn Sánchez 0-0: Ground out 1-3 (Groundball, 15S)
Top of the 5th over - 0 run(s), 2 hit(s), 0 error(s), 2 left on base; Villa Ridge 4 - St. Albert 0
BOTTOM OF THE 5TH
St. Albert Prodigy batting - Pitching for Villa Ridge Bronchos : RHP Jim Unknown
Batting: LHB Abel Kelly 0-0: Ball
1-0: Ball
2-0: Ball
3-0: Called Strike
3-1: Fly out, F4 (Line Drive, 4)
Batting: RHB Harrison Blackford 0-0: Ball
1-0: Ball
2-0: Ball
3-0: Foul Ball, location: 2F
3-1: Base on Balls
Batting: RHB Anthony Trujillo 0-0: Called Strike
0-1: Ball
1-1: Fly out, F4 (Popup, 4D)
Batting: LHB Wallace James 0-0: Ball
Wild Pitch!
Harrison Blackford to second
1-0: Swinging Strike
1-1: SINGLE (Groundball, 56)
Harrison Blackford to third
Runner from 3rd tries for Home, SAFE, throw made home
Wallace James to second
Batting: RHB Carlos Mercado 0-0: SINGLE (Line Drive, 78S)
Wallace James to third
Batting: RHB Bernardo Burgos 0-0: Ball
1-0: Fly out, F5 (Popup, 5S)
Bottom of the 5th over - 1 run(s), 2 hit(s), 0 error(s), 2 left on base; Villa Ridge 4 - St. Albert 1
TOP OF THE 6TH
Villa Ridge Bronchos batting - Pitching for St. Albert Prodigy : LHP Félix Aguilar
Batting: RHB Bobby Poole 0-0: Ball
1-0: Fly out, F7 (Flyball, 78D)
Batting: RHB Miguel Angel González 0-0: Ball
1-0: Ground out 5-3 (Groundball, 56)
Batting: LHB Ray Schneider 0-0: Ball
1-0: Swinging Strike
1-1: Foul Ball, location: 2F
1-2: Strikes out swinging
Top of the 6th over - 0 run(s), 0 hit(s), 0 error(s), 0 left on base; Villa Ridge 4 - St. Albert 1
BOTTOM OF THE 6TH
St. Albert Prodigy batting - Pitching for Villa Ridge Bronchos : RHP Jim Unknown
Batting: SHB Monte Adams 0-0: Swinging Strike
0-1: Foul Ball, location: 2F
0-2: Foul Ball, location: 2F
0-2: Ball
1-2: Foul Ball, location: 2F
1-2: Ground out 4-3 (Groundball, 34)
Batting: RHB Larry Mason 0-0: Swinging Strike
0-1: Ball
1-1: Foul Ball, location: 2F
1-2: Ground out 5-3 (Groundball, 56S)
Batting: RHB Mario Zuziela 0-0: Ball
1-0: Ground out 6-3 (Groundball, 6)
Bottom of the 6th over - 0 run(s), 0 hit(s), 0 error(s), 0 left on base; Villa Ridge 4 - St. Albert 1
TOP OF THE 7TH
Villa Ridge Bronchos batting - Pitching for St. Albert Prodigy : LHP Félix Aguilar
Batting: LHB Lonnie Austin 0-0: Foul Ball, location: 2F
0-1: Foul Ball, location: 2F
0-2: Ball
1-2: Foul Ball, location: 2F
1-2: Ball
2-2: Ball
3-2: Strikes out swinging
Pitching: LHP Manuel Ortíz
Batting: RHB Lindsay Stewart 0-0: Called Strike
0-1: Foul Ball, location: 2F
0-2: Foul Ball, location: 2F
0-2: Ball
1-2: SINGLE (Line Drive, 7S)
Batting: SHB Felipe González 0-0: Ball
1-0: Foul Ball, location: 2F
1-1: Ball
2-1: Called Strike
2-2: Ball
3-2: SINGLE (Groundball, 56D)
Lindsay Stewart to second
Lindsay Stewart to third
Batting: RHB Adrian Draper 0-0: Ball
1-0: Swinging Strike
1-1: Fly out, F9 (Flyball, 9M)
Runner from 3rd tags up, SCORES, no throw
Batting: RHB Salvador Martínez 0-0: Ball
1-0: Ball
2-0: Ball
3-0: Base on Balls
Felipe González to second
Batting: SHB Shawn Sánchez 0-0: Ball
1-0: SINGLE (Groundball, 56D) (infield hit)
Felipe González to third
Salvador Martínez to second
Batting: RHB Bobby Poole 0-0: Called Strike
0-1: Ball
1-1: SINGLE (Groundball, 34D)
Felipe González scores
Salvador Martínez to third
Shawn Sánchez to second
Runner from 3rd tries for Home, SAFE, no throw or cutoff
Pitching: RHP Eduardo Estrada
Batting: RHB Miguel Angel González 0-0: Called Strike
0-1: Called Strike
0-2: Strikes out swinging
Top of the 7th over - 3 run(s), 4 hit(s), 0 error(s), 2 left on base; Villa Ridge 7 - St. Albert 1
BOTTOM OF THE 7TH
St. Albert Prodigy batting - Pitching for Villa Ridge Bronchos : RHP Jim Unknown
Batting: LHB Abel Kelly 0-0: SINGLE (Flyball, 9S)
Batting: RHB Harrison Blackford 0-0: Called Strike
0-1: Grounds into double play, 1-6-3 (Groundball, 13S)
Batting: RHB Anthony Trujillo 0-0: Ball
1-0: SINGLE (Line Drive, 89S)
Batting: LHB Wallace James 0-0: Foul Ball, location: 2F
0-1: Ball
Wild Pitch!
Anthony Trujillo to second
1-1: Ground out 1-3 (Groundball, 13S)
Bottom of the 7th over - 0 run(s), 2 hit(s), 0 error(s), 1 left on base; Villa Ridge 7 - St. Albert 1
TOP OF THE 8TH
Villa Ridge Bronchos batting - Pitching for St. Albert Prodigy : RHP Eduardo Estrada
Batting: LHB Ray Schneider 0-0: Called Strike
0-1: Swinging Strike
0-2: Ball
1-2: Strikes out swinging
Batting: LHB Lonnie Austin 0-0: Ball
1-0: Foul Ball, location: 2F
1-1: Called Strike
1-2: Foul Ball, location: 2F
1-2: SOLO HOME RUN (Flyball, 89XD), Distance : 395 ft
Batting: RHB Lindsay Stewart 0-0: Ball
1-0: Reached on error, E5 (Groundball, 5S)
Batting: SHB Felipe González 0-0: SINGLE (Line Drive, 9S)
Lindsay Stewart to third
Batting: RHB Adrian Draper 0-0: Ball
1-0: Ball
2-0: Ball
Wild Pitch!
Lindsay Stewart scores
Felipe González to second
3-0: Base on Balls
Batting: RHB Salvador Martínez 0-0: Ball
1-0: Ball
2-0: Foul Ball, location: 2F
2-1: Called Strike
2-2: Strikes out looking
Batting: SHB Shawn Sánchez 0-0: Called Strike
0-1: Fly out, F8 (Flyball, 8LM)
Top of the 8th over - 2 run(s), 2 hit(s), 1 error(s), 2 left on base; Villa Ridge 9 - St. Albert 1
BOTTOM OF THE 8TH
St. Albert Prodigy batting - Pitching for Villa Ridge Bronchos : RHP Jim Unknown
Pitching: LHP Greg Kelly
Batting: RHB Carlos Mercado 0-0: Fly out, F4 (Popup, 3)
Batting: RHB Bernardo Burgos 0-0: Ball
1-0: Foul Ball, location: 2F
1-1: Ball
2-1: Ball
3-1: Called Strike
3-2: Foul Ball, location: 2F
3-2: Strikes out swinging
Batting: SHB Monte Adams 0-0: Called Strike
0-1: Swinging Strike
0-2: Ball
1-2: Ball
2-2: SINGLE (Groundball, 6MD) (infield hit)
Batting: RHB Larry Mason 0-0: Ball
1-0: Called Strike
1-1: Ball
2-1: Ground out 6-3 (Groundball, 6)
Bottom of the 8th over - 0 run(s), 1 hit(s), 0 error(s), 1 left on base; Villa Ridge 9 - St. Albert 1
TOP OF THE 9TH
Villa Ridge Bronchos batting - Pitching for St. Albert Prodigy : RHP Eduardo Estrada
Batting: RHB Bobby Poole 0-0: Foul Ball, location: 2F
0-1: Foul Ball, location: 2F
0-2: Ball
1-2: Ball
2-2: DOUBLE (Line Drive, 7LS)
Batting: RHB Miguel Angel González 0-0: Foul Ball, location: 2F
0-1: Swinging Strike
0-2: Strikes out swinging
Batting: LHB Ray Schneider 0-0: 2-RUN HOME RUN (Flyball, 89XD), Distance : 418 ft
Pitching: RHP Joaquín Costello
Pinch Hitting: RHB Billy Farley 0-0: Called Strike
0-1: Called Strike
0-2: Ball
1-2: Ball
2-2: Ball
3-2: Base on Balls
Batting: RHB Lindsay Stewart 0-0: Ball
1-0: Ball
2-0: Ball
3-0: Called Strike
3-1: Base on Balls
Billy Farley to second
Batting: SHB Felipe González 0-0: Ball
1-0: Ball
2-0: Ball
3-0: Called Strike
3-1: SINGLE (Groundball, 4MD)
Billy Farley to third
Lindsay Stewart to second
Batting: RHB Adrian Draper 0-0: Ball
1-0: Ball
2-0: Called Strike
2-1: Ball
3-1: SINGLE (Line Drive, 6M)
Billy Farley scores
Lindsay Stewart to third
Felipe González to second
Runner from 3rd tries for Home, SAFE, no throw or cutoff
Pinch Hitting: LHB Nari Corelli 0-0: Called Strike
0-1: Called Strike
0-2: Strikes out looking
Batting: SHB Shawn Sánchez 0-0: Ball
1-0: Ball
2-0: Foul Ball, location: 2F
2-1: Ball
3-1: Base on Balls
Felipe González to third
Adrian Draper to second
Batting: RHB Bobby Poole 0-0: Called Strike
0-1: Ball
Wild Pitch!
Felipe González scores
Adrian Draper to third
Shawn Sánchez to second
1-1: Swinging Strike
1-2: 3-RUN HOME RUN (Flyball, 78XD), Distance : 396 ft
Batting: RHB Miguel Angel González 0-0: Ball
1-0: Called Strike
1-1: Foul Ball, location: 2F
1-2: Ground out 4-3 (Groundball, 13)
Top of the 9th over - 8 run(s), 5 hit(s), 0 error(s), 0 left on base; Villa Ridge 17 - St. Albert 1
BOTTOM OF THE 9TH
St. Albert Prodigy batting - Pitching for Villa Ridge Bronchos : LHP Greg Kelly
Now at SS: Jim Unknown
Now in RF: Billy Farley
Batting: RHB Mario Zuziela 0-0: Called Strike
0-1: Ball
1-1: Foul Ball, location: 2F
1-2: Fly out, F8 (Flyball, 8RM)
Batting: LHB Abel Kelly 0-0: Foul Ball, location: 2F
0-1: Swinging Strike
0-2: Ball
1-2: Foul Ball, location: 2F
1-2: Strikes out swinging, 2-3 out at first.
Batting: RHB Harrison Blackford 0-0: Called Strike
0-1: Ball
1-1: Foul Ball, location: 2F
1-2: Strikes out swinging
Bottom of the 9th over - 0 run(s), 0 hit(s), 0 error(s), 0 left on base; Villa Ridge 17 - St. Albert 1
This league is powered by Out of the Park Baseball, the baseball management simulation game for PC, Mac and Linux
Monday, May 4th, 2015 - OOTP Baseball 15.6 Build 34